 Dungeon Crawl Stone Soup version 0.29-a0-1016-g236c7fd91e (webtiles) character file.

Game seed: 18414571229146309837

9348 zishaf the Jinx (level 11, -4/98 HPs)
             Began as a Vampire Enchanter on Aug 9, 2022.
             Was an Elder of Ashenzari.
             Slain by a blink frog (16 damage)
             ... on level 1 of the Lair of Beasts.
             The game lasted 00:22:37 (11341 turns).

zishaf the Jinx (Vampire Enchanter)                Turns: 11341, Time: 00:22:38

Health: -4/98      AC:  7    Str:  7    XL:     11   Next: 21%
Magic:  18/20      EV: 14    Int: 23    God:    Ashenzari [****..]
Gold:   1546       SH:  5    Dex: 14    Spells: 14/22 levels left

rFire   + . .      SeeInvis +   a - +3 dagger "Fanaticism of Ashenzari" {venom, Self, Cun} (curse)
rCold   . . .      Faith    .   (no shield)
rNeg    . . .      Spirit   .   b - +1 robe of the Ruined Incredulity {Evo, Comp} (curse)
rPois   .          Reflect  +   (no helmet)
rElec   .          Harm     .   l - +2 cloak "Elysian Fortune-Teller" {Melee, Self} (curse)
rCorr   .          Rampage  .   (no gloves)
Will    ++...      Clarity  +   y - +0 pair of boots of Ashenzari's Disgust {Self, Fort} (curse)
Stlth   +++++.....              D - amulet of reflection
HPRegen 0.46/turn               H - ring of Ashenzari's Oracle {rF+, Elem, Melee} (curse)
MPRegen 0.17/turn               r - ring of Ashenzari's Sun {Will+, Elem, Bglg} (curse)

@: healing quickly
A: alive, fangs 3, see invisible, vampiric 2
a: Exsanguinate, Renounce Religion, Shatter the Chains


You were on level 1 of the Lair of Beasts.
You worshipped Ashenzari.
Ashenzari was greatly pleased with you.
You visited 3 branches of the dungeon, and saw 12 of its levels.
You also visited: Sewer.

You collected 1546 gold pieces.

Inventory:

Hand Weapons
 a - the cursed +3 dagger "Fanaticism of Ashenzari" (weapon) {venom, Self, Cun}
   (You found it on level 1 of the Dungeon)

   It poisons the flesh of those it strikes.
   It has a curse which improves the following skills: Introspection: Fighting
   and Spellcasting.
   Cunning:   Dodging and Stealth.
 v - a +1 rapier of speed
 M - a +5 short sword of freezing
Missiles
 j - 23 poisoned darts (quivered)
 F - a throwing net
Armour
 b - the cursed +1 robe of the Ruined Incredulity (worn) {Evo, Comp}

   It has a curse which improves the following skills: Evocations: Evocations.
   Companions: Summonings and Necromancy.
 e - an orb of mayhem
 l - the cursed +2 cloak "Elysian Fortune-Teller" (worn) {Melee, Self}
   (You found it on level 2 of the Dungeon)

   It has a curse which improves the following skills: Melee Combat: Short
   Blades, Long Blades, Axes, Maces & Flails, Polearms, Staves and Unarmed
   Combat.
   Introspection: Fighting and Spellcasting.
 y - the cursed +0 pair of boots of Ashenzari's Disgust (worn) {Self, Fort}
   (You found it on level 5 of the Dungeon)

   It has a curse which improves the following skills: Introspection: Fighting
   and Spellcasting.
   Fortitude: Armour and Shields.
 O - an orb of light
Jewellery
 g - a ring of wizardry
 n - a ring of flight
 r - the cursed ring of Ashenzari's Sun (right hand) {Will+, Elem, Bglg}
   (You found it on level 4 of the Dungeon)

   [ring of willpower]

   Will:      It increases your willpower.
   It has a curse which improves the following skills: Elements: Fire Magic, Ice
   Magic, Air Magic and Earth Magic.
   Beguiling: Conjurations, Hexes and Translocations.
 A - a +6 ring of dexterity
 D - an amulet of reflection (around neck)
 H - the cursed ring of Ashenzari's Oracle (left hand) {rF+, Elem, Melee}
   (You found it on level 8 of the Dungeon)

   [ring of protection from fire]

   rF:        It protects you from fire.
   It has a curse which improves the following skills: Elements: Fire Magic, Ice
   Magic, Air Magic and Earth Magic.
   Melee Combat: Short Blades, Long Blades, Axes, Maces & Flails, Polearms,
   Staves and Unarmed Combat.
 I - a +6 ring of dexterity
 N - a ring of protection from fire
 P - a ring of positive energy
 S - a ring of willpower
Wands
 h - a wand of light (7)
 m - a wand of polymorph (10)
 B - a wand of roots (11)
 R - a wand of paralysis (4)
Scrolls
 i - 2 scrolls of teleportation
 q - a scroll of blinking
 E - a scroll of torment
 G - 3 scrolls of silence
 J - 2 scrolls of enchant armour
 K - a scroll of enchant weapon
 L - a scroll of summoning
 Q - a scroll of amnesia
Potions
 c - 2 potions of invisibility
 d - a potion of brilliance
 f - 2 potions of mutation
 k - 3 potions of haste
 o - 2 potions of lignification
 p - 6 potions of curing
 s - 4 potions of heal wounds
 t - 2 potions of might
 u - a potion of cancellation
 w - 3 potions of magic
 x - 3 potions of attraction
 z - a potion of resistance
 C - 2 potions of ambrosia


   Skills:
 + Level 9.5(13.4) Fighting
 - Level 5.3(8.2) Short Blades
 + Level 3.2(5.0) Dodging
 + Level 9.5(11.4) Stealth
 - Level 3.0(6.2) Spellcasting
 - Level 14.5(16.3) Hexes
 + Level 3.0(5.5) Ice Magic
 - Level 4.8(6.7) Evocations


You had 14 spell levels left.
You knew the following spells:

 Your Spells              Type           Power      Damage    Failure   Level
a - Ensorcelled Hibernat  Hex/Ice        100%       N/A       1%          2
b - Tukima's Dance        Hex            70%        N/A       1%          3
A - Confusing Touch       Hex            70%        N/A       1%          3

Your spell library contained the following spells:

 Spells                   Type           Power      Damage    Failure   Level
 Dazzling Flash           Conj/Hex       90%        N/A       1%          3
 Portal Projectile        Hex/Tloc       90%        N/A       1%          3
 Summon Guardian Golem    Hex/Summ       45%        N/A       1%          3
 Leda's Liquefaction      Hex/Erth       22%        N/A       2%          4
 Yara's Violent Unravell  Hex/Tmut       22%        3d10      9%          5
 Call Canine Familiar     Summ           8%         N/A       22%         3
 Passage of Golubria      Tloc           8%         N/A       58%         4
 Orb of Destruction       Conj           4%         9d5       100%        7
 Spellforged Servitor     Conj/Summ      4%         N/A       100%        7


Dungeon Overview and Level Annotations

Branches:
Dungeon (10/15)            Temple (1/1) D:4            Lair (1/5) D:9
  Sewer (visited)
    Orc: D:9-12

Altars:
Ashenzari
Cheibriados
Dithmenos
Fedhas
Gozag
Hepliaklqana
Kikubaaqudgha
Nemelex Xobeh
Okawaru
Qazlal
Ru
Sif Muna
Trog
Uskayaw
Vehumet
Wu Jian
Xom
Yredelemnul

Annotations:
D:3 2 transporters, SoEpicPie's ghost, weakling DrBe


Innate Abilities, Weirdness & Mutations

Your natural rate of healing is accelerated.
You have razor-sharp teeth.
You have supernaturally acute eyesight. (SInv)
You are afflicted with vampirism and can become a bat while bloodless.


Message History

The blink frog hits you but does no damage.
You closely miss the blink frog. You bite the blink frog.
The blink frog is lightly wounded.
The blink frog blinks!
The blink frog hits you. The blink frog hits you!
You hit the blink frog.
The blink frog is poisoned.
The blink frog is moderately wounded.
The blink frog hits you!
The blink frog blinks!
You are too injured to fight recklessly!
You block the blink frog's attack.
The blink frog attacks as you move away!
The blink frog hits you but does no damage.
The blink frog hits you!
The blink frog blinks!
The blink frog hits you!
* * * LOW HITPOINT WARNING * * *
You hit the blink frog.
The blink frog looks as sick as possible!
The blink frog is heavily wounded.
The blink frog misses you.
You closely miss the blink frog.
The blink frog is heavily wounded.
You barely miss the blink frog.
The blink frog is heavily wounded.
The blink frog hits you!
* * * LOW HITPOINT WARNING * * *
You barely miss the blink frog. You bite the blink frog.
The blink frog is severely wounded.
The blink frog hits you.
* * * LOW HITPOINT WARNING * * *
You hit the blink frog but do no damage.
The blink frog looks as sick as possible!
Your bite misses the blink frog.
The blink frog is severely wounded.
You block the blink frog's attack.
Casting: Ensorcelled Hibernation (safe; 1% risk of failure)
Confirm with . or Enter, or press ? or * to list all spells.
Aiming: Ensorcelled Hibernation (safe; 1% risk of failure)
Press: ? - help, Shift-Dir - straight line, f - blink frog
Aim: a blink frog (lightly wounded, chance to affect: 54%)
The blink frog resists with some effort.
The blink frog misses you. The blink frog hits you!
You die...

...........# #######....#..
..........P ####...####..##†.
..........,# ##.#..........#...
.........#=# ###....##P##.#....
....§..{.. ##.+.8..###......#
....?...#.# #####.#......####...#
.......##########.#.#....###...##
.......F.....#.##.###.........##.
.............FFF@F....#.).8......
......######.####................
.....#############.####.8...8.#..
....., ########## #........##
###.. #...8...### ##.
###.........# **** *
#.....#...... * , #...####.....
,, * , #.†.# ###..8


You could see 4 blink frogs.

Vanquished Creatures
  A two-headed ogre (D:10)
  A rime drake (Lair:1)
  A cane toad (Lair:1)
  An unseen horror (D:10)
  2 komodo dragons
  A hornet (D:10)
  Prince Ribbit (D:5)
  A shadow (D:10)
  Sigmund (D:2)
  2 wyverns
  Eustachio (D:5)
  12 yaks
  A steam dragon (D:6)
  2 vampire mosquitoes (D:10)
  3 water moccasins
  2 orc warriors
  An ice beast (D:6)
  6 black bears
  2 sky beasts
  2 centaurs
  2 ogres
  2 wolves (Lair:1)
  A phantom (D:6)
  2 kobold brigands
  A necrophage (D:5)
  8 bullfrogs
  3 scorpions
  4 wights
  6 killer bees
  2 electric eels (D:9)
  A howler monkey (D:9)
  2 hounds
  A gnoll bouda (D:6)
  6 orc priests
  An iguana (D:4)
  7 orc wizards
  11 gnolls
  12 adders
  3 river rats (Sewer)
  A white imp (D:5)
  An ufetubus (D:6)
  2 worms
  5 dart slugs
  26 orcs
  4 endoplasms
  10 giant cockroaches
  8 goblins
  4 hobgoblins
  7 jackals
  12 kobolds
  4 quokkas
  11 ball pythons
  4 bats
  7 frilled lizards
  5 rats
230 creatures vanquished.

Vanquished Creatures (collateral kills)
  A gnoll sergeant (D:7)
  A frilled lizard (Sewer)
2 creatures vanquished.

Vanquished Creatures (others)
  2 kobolds (D:9)
  2 fungi (Lair:1)
  8 plants
12 creatures vanquished.

Grand Total: 244 creatures vanquished

Notes
Turn   | Place    | Note
-------+----------+-------------------------------------------
     0 | D:1      | zishaf the Vampire Enchanter began the quest for the Orb.
     0 | D:1      | Reached XP level 1. HP: 13/13 MP: 3/3
   176 | D:1      | Reached XP level 2. HP: 19/20 MP: 5/5
   190 | D:1      | Learned a level 2 spell: Ensorcelled Hibernation
   641 | D:1      | Gained mutation: You are afflicted with vampirism and can
                  | become a bat while bloodless. [Vampire growth]
   641 | D:1      | Reached XP level 3. HP: 11/25 MP: 6/6
   755 | D:1      | Learned a level 3 spell: Confusing Touch
  1012 | D:2      | Noticed Sigmund
  1027 | D:2      | Killed Sigmund
  1028 | D:2      | Reached skill level 1 in Fighting
  1028 | D:2      | Reached skill level 5 in Stealth
  1028 | D:2      | Reached skill level 5 in Hexes
  1028 | D:2      | Reached XP level 4. HP: 17/33 MP: 2/8
  1028 | D:2      | Reached XP level 5. HP: 19/38 MP: 2/9
  1452 | D:2      | Found a faded altar of an unknown god.
  2041 | D:3      | Found a transporter.
  2060 | D:3      | Found a transporter.
  2060 | D:3      | Noticed SoEpicPie's ghost (weakling DrBe)
  2665 | D:4      | Reached XP level 6. HP: 44/44 MP: 10/10
  2792 | D:4      | Found a staircase to the Ecumenical Temple.
  2814 | Temple   | Entered the Ecumenical Temple
  3006 | Temple   | Became a worshipper of Ashenzari the Shackled
  3059 | D:4      | Reached skill level 6 in Hexes
  3668 | D:5      | Entered Level 5 of the Dungeon
  3729 | D:5      | Found a glowing drain.
  3754 | Sewer    | Entered a sewer
  4287 | D:5      | Reached XP level 7. HP: 52/52 MP: 12/12
  4360 | D:5      | Noticed Eustachio
  4385 | D:5      | Reached skill level 7 in Hexes
  4406 | D:5      | Killed Eustachio
  4703 | D:5      | Noticed Prince Ribbit
  4708 | D:5      | Killed Prince Ribbit
  4709 | D:5      | Reached XP level 8. HP: 61/61 MP: 13/13
  4834 | D:5      | Found a hide-covered altar of Uskayaw.
  4934 | D:6      | Reached skill level 5 in Short Blades
  4934 | D:6      | Reached skill level 8 in Hexes
  5053 | D:6      | Learned a level 3 spell: Tukima's Dance
  5177 | D:6      | Reached * piety under Ashenzari
  5224 | D:6      | Reached skill level 9 in Hexes
  5304 | D:6      | Reached skill level 5 in Fighting
  5679 | D:6      | Reached skill level 10 in Hexes
  5986 | D:6      | Reached skill level 1 in Evocations
  5986 | D:6      | Reached XP level 9. HP: 69/72 MP: 11/15
  6517 | D:7      | Identified a scroll of acquirement
  6533 | D:7      | Acquired 794 gold pieces
  6892 | D:8      | Reached skill level 11 in Hexes
  7177 | D:8      | Found a snail-covered altar of Cheibriados.
  7239 | D:8      | Reached ** piety under Ashenzari
  7356 | D:8      | Reached skill level 12 in Hexes
  7570 | D:8      | Found an ornate altar of the Wu Jian Council.
  7838 | D:9      | Reached XP level 10. HP: 60/83 MP: 16/16
  7933 | D:9      | Found a staircase to the Lair.
  8620 | D:9      | Found an opulent altar of Gozag.
  9291 | D:10     | Entered Level 10 of the Dungeon
  9295 | D:10     | Reached *** piety under Ashenzari
  9570 | D:10     | Reached skill level 13 in Hexes
 10128 | D:10     | Noticed a two-headed ogre
 10138 | D:10     | Killed a two-headed ogre
 10139 | D:10     | Reached skill level 14 in Hexes
 10510 | Lair:1   | Entered Level 1 of the Lair of Beasts
 10714 | Lair:1   | Reached **** piety under Ashenzari
 10738 | Lair:1   | Noticed a cane toad
 10759 | Lair:1   | Reached skill level 1 in Ice Magic
 10764 | Lair:1   | Killed a cane toad
 10765 | Lair:1   | Reached XP level 11. HP: 23/98 MP: 20/20
 11341 | Lair:1   | Slain by a blink frog

Illustrated notes

Levels and vault maps discovered:
D:1:      heliophobic_arrival_enchanted_forest, layout_loops_ring,
          minmay_parallelograms, kennysheep_crisscross, minmay_misc_feat_square,
          minmay_tripent
D:2:      layout_loops_ring, dilly_ecumenical_altar_fadedgnrine, uniq_sigmund
D:3:      layout_rooms, gammafunk_ghost_gnarly_gnolls,
          minmay_misc_feat_four_crosses, roderic_st_hans_cross
D:4:      layout_basic, minmay_temple_entry_trees, abandoned_shop
D:5:      layout_rooms, kennysheep_little_box, portal_sewer_entry_f,
          uniq_eustachio, uniq_prince_ribbit1
D:6:      layout_basic
D:7:      layout_basic
D:8:      layout_rooms, mainiacjoe_overflow_tiny_flanked,
          nicolae_overflow_hidden_temple, hangedman_decor_points
D:9:      statuecave_lemuel, layout_stronghold,
          mainiacjoe_overflow_surrounded_room, david_lair_shrubbed
D:10:     layout_rooms
Temple:   nicolae_temple_bog_church
Lair:1:   layout_cave_pods, beast_lair_carwin_6, grunt_megastairs_4

Skill      XL: |  1  2  3  4  5  6  7  8  9 10 11 |
---------------+----------------------------------+-----
Fighting       | 1 2 4 5 7 9 |  9.5
Short Blades   | 2 3 4 5 |  5.3
Dodging        | 3 |  3.2
Stealth        | 5 6 8 9 |  9.5
Hexes          | 5 6 7 10 12 14 | 14.5
Spellcasting   | 3 |  3.0
Evocations     | 1 4 |  4.8
Ice Magic      | 1 3 |  3.0

Action                   |  1- 3 |  4- 6 |  7- 9 | 10-12 || total
-------------------------+-------+-------+-------+-------++-------
Melee: Dagger            |    62 |   177 |   280 |   300 ||   819
       Bite              |     5 |    16 |    43 |    39 ||   103
       Punch             |       |     1 |    11 |       ||    12
 Cast: Ensorcelled Hiber |     8 |    14 |     7 |    31 ||    60
       Confusing Touch   |       |       |     1 |     8 ||     9
       Tukima's Dance    |       |       |     1 |       ||     1
Invok: Curse Item        |       |     1 |     2 |     3 ||     6
Evoke: Wand              |       |       |     1 |     1 ||     2
  Use: Scroll            |       |    20 |     4 |       ||    24
       Potion            |       |       |       |     1 ||     1
 Stab: Sleeping          |    17 |    26 |    15 |    18 ||    76
       Distracted        |       |     1 |       |       ||     1
       Confused          |       |       |     1 |     8 ||     9
       Paralysed         |       |       |       |     1 ||     1
Armor: Robe              |    10 |    44 |    77 |    48 ||   179
Dodge: Dodged            |    42 |    82 |   152 |   126 ||   402
Block: Other             |       |       |    22 |    41 ||    63
       Reflection        |       |       |     1 |       ||     1
       Orb               |       |       |       |     5 ||     5

Table legend: (Time is in decaauts)
 A = Elapsed time spent in this place.
 B = Non-inter-level travel time spent in this place.
 C = Inter-level travel time spent in this place.
 D = Time resting spent in this place.
 E = Time spent auto-exploring this place.
 F = Levels seen in this place.
 G = Mean time per level.
                   A        B        C        D        E       F      G
               +--------+--------+--------+--------+--------+-----+--------+
         Total |  11194 |  10833 |    361 |    595 |   7970 |  13 |  861.1 |
       Dungeon |   9772 |   9428 |    344 |    595 |   6977 |  10 |  977.2 |
        Temple |    218 |    202 |     16 |      0 |    160 |   1 |  218.0 |
          Lair |    781 |    781 |      0 |      0 |    593 |   1 |  781.0 |
         Sewer |    422 |    422 |      0 |      0 |    239 |   1 |  422.0 |
               +--------+--------+--------+--------+--------+-----+--------+

Top non-repeatable levels by time:
     D:9: 1575 daAuts
     D:6: 1309 daAuts
    D:10: 1066 daAuts
     D:4: 993 daAuts
     D:2: 950 daAuts
     D:8: 917 daAuts
     D:5: 825 daAuts
  Lair:1: 781 daAuts
     D:1: 771 daAuts
     D:3: 725 daAuts
     D:7: 637 daAuts
   Sewer: 422 daAuts
  Temple: 218 daAuts
